Map: Vaani Research Station (Void)

Players

ByuN

  • Race: Terran Terran
  • League: Master
  • Spawn Location: 12:00

Scarlett - Winner!

  • Race: Zerg Zerg
  • League: Master
  • Spawn Location: 6:00

Event: NationWars IV

VOD

Have the link to the VOD?

Description

Time

  • Played on: Jan. 4, 2017, 4:09 p.m.
  • Length: 16:13

All games in this series

Show
View Real Time Build Order
Export as new Build Order

ByuN Terran 

Build Orders: Reaper Expand, MMM Bio 

Get SALT Encoding   

  12  0:00  SCV  
  13  0:12  SCV  
  14  0:17  Supply Depot  
  14  0:24  SCV  
  15  0:39  Barracks, SCV  
  16  0:44  Refinery  
  16  0:51  SCV  
  17  1:03  SCV  
  18  1:15  SCV  
  19  1:26  Reaper  
  19  1:27  Orbital Command  
  20  1:40  Command Center  
  20  1:51  Barracks  
  20  1:55  SCV  
  20  1:59  Barracks Reactor  
  21  2:05  Supply Depot  
  21  2:09  SCV  
  21  2:13  Refinery  
  22  2:22  Factory  
  22  2:25  SCV  
  23  2:37  Marine  
  23  2:38  Marine  
  23  2:39  Barracks Tech Lab  
  23  2:41  SCV  
  26  2:53  Orbital Command, SCV  
  26  2:57  Marine x2  
  29  3:02  Stimpack  
  29  3:08  SCV  
  29  3:11  Marine  
  31  3:17  Starport  
  31  3:19  Marine  
  32  3:21  Marine  
  32  3:26  SCV x2  
  35  3:38  Marine x2, SCV x2  
  35  3:39  Marine  
  35  3:40  Factory Reactor  
  40  3:48  Supply Depot  
  40  3:50  SCV  
  40  3:51  SCV  
  42  3:56  Marine x2  
  42  3:57  Marine  
  45  4:03  Supply Depot  
  45  4:08  SCV  
  45  4:09  SCV  
  47  4:13  Marine  
  47  4:14  Marine  
  47  4:15  Marine, Supply Depot  
  50  4:20  Medivac x2  
  54  4:24  SCV x2  
  54  4:29  Engineering Bay  
  56  4:31  Engineering Bay  
  56  4:33  Marine x2  
  56  4:34  Marine  
  56  4:37  SCV x2  
  60  4:41  Supply Depot  
  60  4:49  SCV x2  
  60  4:50  Medivac  
  64  4:52  Marine  
  64  4:53  Marine x2  
  64  4:56  Terran Infantry Weapons Level 1  
  67  5:03  Combat Shields  
  67  5:05  Supply Depot  
  67  5:10  Marine x2  
  67  5:11  Marine  
  67  5:13  Terran Infantry Armor Level 1  
  70  5:25  SCV x2  
  70  5:27  Command Center  
  72  5:30  Marine  
  72  5:31  Marine x2  
  72  5:33  Factory Reactor  
  75  5:36  Barracks  
  75  5:40  SCV x2  
  73  5:48  Missile Turret  
  73  5:49  Missile Turret, Marine x2  
  74  5:50  Marine  
  74  5:52  SCV x2  
  78  6:04  SCV x2  
  78  6:05  Barracks x2, Supply Depot  
  78  6:09  Marine x2  
  78  6:10  Marine, Widow Mine  
  85  6:18  Refinery, Widow Mine  
  87  6:21  Refinery  
  87  6:22  SCV x2  
  87  6:24  Barracks Reactor  
  89  6:29  Missile Turret  
  89  6:30  Marine x2  
  89  6:31  Marine  
  92  6:35  SCV x2  
  93  6:43  Orbital Command  
  93  6:45  Missile Turret  
  90  6:57  Marine  
  90  6:58  Marine  
  90  6:59  Marine  
  90  7:01  Barracks Reactor  
  84  7:02  Widow Mine x2  
  84  7:04  Barracks Reactor  
  67  7:09  Marine  
  67  7:13  Medivac x2  
  67  7:14  Armory  
  72  7:17  Marine x4  
  76  7:24  Missile Turret  
  76  7:27  Marine  
  77  7:32  Widow Mine x2  
  77  7:36  Marine  
  77  7:37  Marine x5  
  87  7:44  Medivac x2  
  87  7:46  SCV x2  
  93  7:52  Supply Depot  
  93  7:58  Marine x4  
  92  7:59  Marine x4  
  92  8:02  Widow Mine x2  
  92  8:04  Marine  
  92  8:16  Marine x6  
  92  8:17  Marine x2  
  92  8:19  SCV  
  78  8:25  SCV  
  78  8:26  Marine  
  62  8:30  Widow Mine x2  
  62  8:33  Marine  
  63  8:41  SCV  
  63  8:50  Medivac  
  63  8:54  Marine  
  64  8:57  Marine  
  66  9:08  SCV x2  
  67  9:12  Marine  
  67  9:13  Marine x4  
  67  9:16  Marine  
  73  9:17  Marine  
  73  9:18  Marine  
  73  9:19  Marine  
  76  9:24  SCV  
  76  9:30  Marine  
  77  9:31  SCV  
  77  9:36  SCV  
  78  9:38  Terran Infantry Weapons Level 2, Terran Infantry Armor Level 2  
  78  9:43  SCV  
  77  9:47  Marine x2  
  77  9:48  Marine, SCV  
  77  9:49  Marine  
  77  9:50  Marine  
  67  9:55  SCV  
  67  9:58  Marine x4  
  72  10:01  SCV  
  72  10:04  Marine  
  74  10:11  SCV  
  74  10:13  SCV  
  76  10:15  Marine  
  76  10:16  Marine x4  
  76  10:18  Orbital Command  
  81  10:24  Missile Turret  
  81  10:26  Widow Mine  
  83  10:28  Widow Mine  
  83  10:32  SCV  
  83  10:33  SCV  
  87  10:40  Marine x4  
  91  10:47  SCV x3  
  94  10:55  Widow Mine  
  94  10:56  Marine x5  
  94  10:57  Widow Mine  
  101  10:58  Marine  
  101  10:59  SCV  
  101  11:00  SCV  
  105  11:05  SCV  
  103  11:11  SCV  
  103  11:12  SCV  
  103  11:16  Missile Turret, Marine x4  
  103  11:17  Marine x4  
  113  11:19  Marauder  
  113  11:21  SCV  
  113  11:23  SCV  
  113  11:24  SCV  
  115  11:35  SCV  
  115  11:36  Supply Depot, SCV x2  
  118  11:44  Missile Turret  
  118  11:45  Supply Depot  
  118  11:47  SCV  
  118  11:48  SCV x2  
  118  11:49  Marine  
  118  11:50  Marine x3, Supply Depot  
  125  11:57  Marine x2, Widow Mine x2  
  125  11:58  Marauder  
  133  12:06  Marine x2  
  133  12:08  Medivac x2  
  139  12:10  Marine x2  
  139  12:11  Marine x2  
  143  12:17  Supply Depot  
  143  12:20  Marine x3  
  146  12:26  Unknown x5  
  146  12:27  Unknown  
  146  12:28  Unknown  
  145  12:34  Marine x2  
  145  12:35  Marine x2  
  149  12:38  Marauder  
  149  12:41  Marine x4  
  154  12:47  Widow Mine x2  
  158  12:52  Marine x3  
  158  12:53  Marine  
  161  13:00  Marauder  
  161  13:03  Supply Depot  
  163  13:08  Refinery  
  163  13:09  Supply Depot  
  163  13:14  Marine x2  
  165  13:24  Marine x3, Supply Depot  
  165  13:25  Marauder  
  170  13:27  Supply Depot  
  170  13:38  Marine x5  
  174  13:44  Medivac  
  174  13:46  Marauder  
  174  13:47  Widow Mine  
  180  13:51  Medivac  
  181  14:00  Marine x5  
  181  14:02  Marine  
  186  14:08  Marauder  
  188  14:14  Concussive Shells  
  188  14:15  Marine  
  188  14:16  Marine  
  190  14:18  Marine  
  190  14:19  Marine  
  190  14:20  Marine x3  
  194  14:32  Marine  
  194  14:38  Orbital Command  
  178  15:04  Marauder, Marine x3  
  159  15:09  Marine  
  159  15:10  Marine x3  
  113  15:21  Marine x2  
  113  15:27  Marine  
  114  15:40  Marine  
  114  15:42  Marine x4  
  93  15:43  Marine  
  93  15:44  Marine  
  95  15:52  Marine  
  70  16:00  Unknown x8  
Show
View Real Time Build Order
Export as new Build Order

Scarlett Zerg - Winner!

Build Orders: Hatch First, Muta Ling Bane 

Get SALT Encoding   

  12  0:00  Drone  
  13  0:12  Overlord  
  13  0:18  Drone  
  14  0:30  Drone x2  
  14  0:34  Drone  
  17  0:52  Hatchery  
  17  0:55  Drone  
  17  0:58  Drone  
  18  1:07  Extractor  
  17  1:14  Spawning Pool  
  17  1:16  Drone  
  17  1:20  Drone  
  18  1:28  Drone  
  19  1:39  Overlord  
  19  1:52  Drone  
  20  2:01  Zergling x2, Queen  
  20  2:03  Queen  
  20  2:04  Drone  
  20  2:06  Metabolic Boost  
  26  2:11  Drone  
  26  2:14  Drone  
  28  2:25  Drone  
  28  2:26  Drone  
  30  2:35  Extractor  
  29  2:39  Queen  
  29  2:42  Spore Crawler  
  31  2:47  Drone  
  31  2:48  Overlord, Drone x2  
  35  2:53  Lair  
  35  2:58  Drone  
  36  3:08  Extractor  
  36  3:10  Drone x3  
  38  3:15  Drone, Queen  
  38  3:19  Zergling x4  
  43  3:21  Overlord  
  43  3:24  Drone  
  44  3:40  Drone x3  
  46  3:44  Extractor x2  
  44  3:49  Drone x4  
  44  3:54  Spire  
  47  3:57  Drone x2  
  47  3:58  Drone x2  
  47  4:01  Overlord  
  51  4:05  Overlord  
  51  4:16  Overlord, Drone  
  52  4:19  Queen  
  52  4:21  Drone x2  
  56  4:29  Overlord, Drone  
  56  4:30  Drone  
  56  4:31  Zergling x2  
  59  4:37  Drone x2  
  61  4:38  Zergling x2  
  62  4:47  Zergling x4  
  62  4:51  Zergling x6  
  62  4:52  Zergling x2  
  68  4:53  Zergling x4  
  70  5:05  Mutalisk x3  
  76  5:08  Zerg Flyer Weapons Level 1  
  76  5:09  Mutalisk  
  78  5:14  Baneling Nest  
  78  5:17  Mutalisk  
  78  5:22  Drone x2  
  78  5:23  Mutalisk  
  78  5:24  Mutalisk, Evolution Chamber  
  83  5:29  Overlord  
  83  5:48  Hatchery  
  83  5:49  Mutalisk x2  
  82  5:51  Zergling x6  
  87  5:57  Zerg Ground Armor Level 1  
  87  6:00  Centrifical Hooks  
  87  6:04  Zergling x8  
  91  6:17  Overlord x2  
  91  6:23  Baneling x5  
  91  6:24  Overlord x2, Baneling  
  91  6:27  Baneling x3  
  91  6:39  Mutalisk x2  
  93  6:43  Zergling x10  
  93  6:46  Baneling x2  
  94  6:59  Zergling x10  
  98  7:08  Mutalisk x2  
  104  7:15  Zergling x2  
  104  7:16  Zergling x6  
  108  7:24  Zergling x2  
  108  7:25  Zergling x10  
  108  7:26  Baneling  
  108  7:27  Baneling x9  
  112  7:30  Overseer  
  112  7:32  Zergling x8  
  112  7:36  Zergling x4, Hatchery  
  117  7:37  Zergling x2  
  118  7:48  Zergling x6  
  119  7:51  Zerg Melee Weapons Level 1  
  119  7:55  Zergling x10  
  124  8:00  Overlord  
  98  8:13  Zergling x12  
  98  8:14  Zergling x4  
  98  8:19  Zergling x6  
  96  8:21  Zergling x2  
  95  8:31  Mutalisk x4  
  95  8:33  Zergling x2  
  95  8:34  Zergling x2  
  80  8:53  Mutalisk  
  80  8:54  Mutalisk x3  
  86  8:58  Zergling x10  
  86  9:01  Overseer  
  91  9:03  Zergling x6  
  94  9:10  Zergling x12  
  94  9:15  Zergling x6  
  102  9:25  Baneling  
  102  9:26  Baneling x9  
  102  9:35  Zergling x12  
  99  9:50  Mutalisk  
  99  9:51  Mutalisk x2  
  98  9:55  Baneling x2  
  98  9:56  Baneling  
  98  9:57  Zergling x12  
  104  10:03  Zergling x6  
  107  10:13  Zerg Melee Weapons Level 2  
  107  10:15  Baneling x2  
  107  10:19  Overseer  
  107  10:24  Zergling x10  
  114  10:34  Drone  
  114  10:35  Drone x3  
  118  10:37  Extractor  
  118  10:38  Extractor  
  118  10:41  Zerg Flyer Weapons Level 2  
  114  10:44  Pneumatized Carapace  
  114  10:47  Drone  
  114  10:48  Drone x2  
  117  10:53  Drone x4  
  121  11:07  Zergling x14  
  128  11:17  Overlord  
  128  11:18  Overlord x2  
  126  11:27  Overlord x2, Burrow  
  126  11:33  Overseer x2  
  126  11:36  Mutalisk x2  
  130  11:45  Drone x7  
  137  11:51  Drone x4  
  141  11:57  Baneling x8  
  141  12:10  Mutalisk x4  
  149  12:21  Zergling x10  
  154  12:29  Zerg Ground Armor Level 2  
  153  12:40  Zergling x22  
  164  12:45  Baneling  
  164  12:46  Baneling x15  
  163  12:59  Baneling x3  
  163  13:01  Zergling x22  
  163  13:03  Overlord x3  
  174  13:10  Zerg Flyer Armor Level 1  
  174  13:30  Mutalisk  
  174  13:31  Mutalisk x6  
  186  13:41  Mutalisk x2  
  186  13:43  Zergling x4  
  186  13:44  Zergling x16  
  198  14:04  Mutalisk  
  200  14:17  Baneling x7  
  200  14:23  Extractor  
  198  14:24  Extractor  
  191  14:42  Baneling x10  
  191  14:43  Baneling  
  172  14:51  Zergling x4  
  172  14:52  Zergling x58  
  185  15:08  Zergling x10  
  172  15:20  Zergling x4  
  172  15:21  Zergling x6  
  164  15:30  Zergling x6  
  165  15:38  Zergling x6  
  165  15:41  Zergling x2  
  155  15:43  Hatchery, Baneling x6  
  155  15:46  Zergling x4  
Tags
 
Add a new tag
Caveats
  • Supply blocks, unpowered buildings, or Contaminate may cause inaccurate times.
  • Supply counts are checked every 10 seconds.